 Dungeon Crawl Stone Soup version 0.28.0-43-g3370ac3207 (webtiles) character file.

Game seed: 5057309287982787551

12968 Lynix the Fighter (level 11, -7/153 HPs)
             Began as a Minotaur Berserker on Mar 13, 2022.
             Was a High Priest of Trog.
             Mangled by an orc warrior
             ... wielding a +0 halberd
              (13 damage)
             ... on level 2 of the Orcish Mines.
             The game lasted 01:32:01 (10875 turns).

Lynix the Fighter (Minotaur Berserker)             Turns: 10875, Time: 01:32:05

Health: -7/153     AC: 22    Str: 31    XL:     11   Next: 69%
Magic:  10/10      EV: 13    Int:  4    God:    Trog [*****.]
Gold:   844        SH:  0    Dex: 11    Spells: 10/10 levels left

rFire   . . .      SeeInvis .   R - +4 great mace (protect)
rCold   . . .      Faith    +   (shield currently unavailable)
rNeg    . . .      Spirit   .   L - +0 acid dragon scales
rPois   .          Reflect  .   M - +2 hat
rElec   .          Harm     .   (no cloak)
rCorr   +          Rampage  .   y - +2 pair of gloves
Will    .....                   k - +0 pair of boots
Stlth   ..........              w - amulet of faith
HPRegen 0.35/turn               q - +6 ring of strength
MPRegen 0.12/turn               p - ring of resist corrosion

@: berserking (expiring), under a protective aura, very quick
A: horns 2, retaliatory headbutt
a: Renounce Religion, Berserk, Trog's Hand, Brothers in Arms


You were on level 2 of the Orcish Mines.
You worshipped Trog.
Trog was extremely pleased with you.
You visited 3 branches of the dungeon, and saw 13 of its levels.

You collected 844 gold pieces.

Inventory:

Hand Weapons
 d - a +1 halberd of freezing
 l - a +1 short sword of venom
 o - a +1 mace of venom
 A - a +1 flail of protection
 H - a +2 vorpal hand axe
 R - a +4 great mace of protection (weapon)
 S - a +3 dire flail
Missiles
 F - a throwing net (quivered)
 O - 135 stones
Armour
 k - a +0 pair of boots (worn)
 y - a +2 pair of gloves (worn)
 B - an orb of wrath
 J - the +1 robe "Lojeig" {rF- rC+ Int+4}
   (You took it off an orc priest on level 7 of the Dungeon)

   Int:       It affects your intelligence (+4).
   rF:        It makes you vulnerable to fire.
   rC:        It protects you from cold.
 L - +0 acid dragon scales (worn)
 M - a +2 hat (worn)
 N - a +0 kite shield
Jewellery
 h - a ring of protection from cold
 p - a ring of resist corrosion (right hand)
 q - a +6 ring of strength (left hand)
 s - a ring of fire
 w - an amulet of faith (around neck)
 C - an amulet of reflection
Wands
 b - a wand of mindburst (5)
 z - a wand of polymorph (10)
 K - a wand of iceblast (15)
 Q - a wand of acid (7)
Scrolls
 c - 5 scrolls of magic mapping
 j - a scroll of noise {unknown}
 m - a scroll of enchant armour
 r - 5 scrolls of teleportation
 t - a scroll of enchant weapon {unknown}
 v - 12 scrolls of identify
 D - a scroll of immolation {unknown}
 E - a scroll of vulnerability {unknown}
 G - a scroll of silence {unknown}
Potions
 a - a potion of haste {unknown}
 e - 2 potions of attraction {unknown}
 f - 4 potions of flight
 g - 2 potions of brilliance
 i - a potion of degeneration {unknown}
 n - 2 potions of heal wounds
 u - 4 potions of curing
 x - a potion of might {unknown}
 I - 2 potions of mutation
 P - a potion of invisibility {unknown}


   Skills:
 + Level 11.2 Fighting
 * Level 8.8(11.0) Axes
 + Level 10.5(11.8) Maces & Flails
 + Level 10.5 Armour
 + Level 4.6 Dodging
 + Level 10.1 Shields


You had 10 spell levels left.
You didn't know any spells.
Your spell library contained the following spells:

 Spells                   Type           Power      Damage    Failure   Level
 Animate Skeleton         Necr           0%         N/A       54%         1
 Apportation              Tloc           0%         N/A       54%         1
 Pain                     Necr           0%         1d4       54%         1
 Summon Small Mammal      Summ           0%         N/A       54%         1
 Blink                    Tloc           0%         N/A       69%         2
 Corpse Rot               Necr/Air       0%         N/A       69%         2
 Ensorcelled Hibernation  Hex/Ice        0%         N/A       69%         2
 Passwall                 Tmut/Erth      0%         N/A       69%         2
 Poisonous Vapours        Pois/Air       0%         N/A       69%         2
 Call Canine Familiar     Summ           0%         N/A       89%         3
 Confusing Touch          Hex            0%         N/A       89%         3
 Gell's Gravitas          Tloc           0%         N/A       89%         3
 Lesser Beckoning         Tloc           0%         N/A       89%         3
 Portal Projectile        Hex/Tloc       0%         N/A       89%         3
 Swiftness                Air            0%         N/A       89%         3
 Teleport Other           Tloc           0%         N/A       89%         3
 Leda's Liquefaction      Hex/Erth       0%         N/A       100%        4
 Agony                    Necr           0%         N/A       100%        5
 Excruciating Wounds      Necr           0%         N/A       100%        5
 Manifold Assault         Tloc           0%         N/A       100%        5
 Yara's Violent Unravell  Hex/Tmut       0%         3d3       100%        5
 Dispersal                Tloc           0%         N/A       100%        6
 Enfeeble                 Hex            0%         N/A       100%        7


Dungeon Overview and Level Annotations

Branches:
Dungeon (10/15)            Temple (1/1) D:5             Orc (2/2) D:10
   Lair: D:8-11         Elf: Orc:2

Altars:
Ashenzari
Cheibriados
Dithmenos
Elyvilon
Fedhas
Gozag
Hepliaklqana
Kikubaaqudgha
Makhleb
Nemelex Xobeh
Okawaru
Qazlal
Ru
Sif Muna
Trog
Uskayaw
Vehumet
Wu Jian
Xom
Yredelemnul
Zin

Shops:
D:3 *   D:4 [   D:9 !

Annotations:
D:8 1 runed translucent door


Innate Abilities, Weirdness & Mutations

You have a pair of horns on your head.
You reflexively headbutt those who attack you in melee.


Message History

You sock the orc!
You kill the orc!
Trog accepts your kill.
You bludgeon the centaur!!
You kill the centaur!
Trog accepts your kill.
The orc warrior hits you from afar with a +0 halberd!
You thump the orc warrior! You headbutt the orc warrior!
The orc warrior is almost dead.
The orc warrior barely misses you.
The orc warrior hits you from afar with a +0 halberd.
* * * LOW HITPOINT WARNING * * *
You are too berserk!
You barely miss the orc warrior.
The orc warrior is almost dead.
The orc warrior hits you with a +0 great mace.
* * * LOW HITPOINT WARNING * * *
The orc warrior hits you from afar with a +0 halberd!
* * * LOW HITPOINT WARNING * * *
You closely miss the orc warrior. Your headbutt misses the orc warrior.
The orc warrior is almost dead.
You miss the orc warrior. You headbutt the orc warrior.
You feel the power of Trog in you as your rage grows.
You kill the orc warrior!
Trog accepts your kill.
The orc warrior hits you from afar with a +0 halberd.
* * * LOW HITPOINT WARNING * * *
You are too berserk!
You bludgeon the orc warrior!! Your headbutt misses the orc warrior.
The orc warrior is severely wounded.
The orc warrior hits you with a +0 war axe.
* * * LOW HITPOINT WARNING * * *
The orc warrior barely misses you.
You barely miss the orc warrior.
The orc warrior is severely wounded.
An orc comes into view. It is wielding a +0 mace.
The orc warrior hits you with a +0 war axe!
* * * LOW HITPOINT WARNING * * *
The orc warrior hits you from afar with a +0 halberd!
You die...

≈≈≈≈......#. .. ≈≈..c...... o..
.......... ...# ... .^... #....
##..##..##..... ............#
.......oo..###.. #####
#######o###.#.... #...# ##@##
...... #### ###..###
##...##.....#.##..# #......###
##......#...##..#..## #......#.#
#............#......#
##.......####............#......#
#..........###.......##..#.......
.....#................###.....#..
....####....................#.##.
...###..........###.#.......###..


You could see 3 orc warriors and an orc.

Vanquished Creatures
  Gastronok (D:8)
  Erica (D:10)
  Urug (D:10)
  An orc knight (Orc:2)
  A centaur zombie (D:8)
  Joseph (D:8)
  Maggie (D:8)
  Psyche (D:8)
  A hornet (D:9)
  11 yaks
  A wraith (D:10)
  A vampire (D:10)
  A wyvern (D:9)
  A redback (D:8)
  2 vampire mosquitoes (D:10)
  A warg (Orc:2)
  2 water moccasins
  9 orc warriors
  A sky beast (D:7)
  2 necrophages (D:6)
  2 ogres
  12 centaurs
  3 kobold brigands
  3 bullfrogs
  9 scorpions
  12 killer bees
  3 wights (D:5)
  6 howler monkeys
  A centaur skeleton (D:7)
  4 hounds
  7 orc priests
  An iguana (D:7)
  7 orc wizards
  A hound skeleton (D:4)
  11 adders
  A shadow imp (D:5)
  An adder skeleton (D:4)
  A worm (D:4)
  5 dart slugs
  62 orcs
  9 endoplasms
  2 giant cockroaches
  8 goblins
  9 hobgoblins
  4 jackals (D:3)
  18 kobolds
  3 quokkas
  5 ball pythons
  5 bats
  7 rats
263 creatures vanquished.

Vanquished Creatures (collateral kills)
  An orc warlord (Orc:1)
  An orc sorcerer (Orc:1)
  A warg (Orc:1)
  An orc warrior (Orc:1)
  An orc wizard (Orc:1)
  An orc (Orc:1)
6 creatures vanquished.

Grand Total: 269 creatures vanquished

Notes
Turn   | Place    | Note
-------+----------+-------------------------------------------
     0 | D:1      | Lynix the Minotaur Berserker began the quest for the Orb.
     0 | D:1      | Reached XP level 1. HP: 19/19 MP: 0/0
   174 | D:1      | Reached XP level 2. HP: 24/27 MP: 1/1
   277 | D:1      | Reached skill level 4 in Fighting
   654 | D:1      | Reached XP level 3. HP: 33/33 MP: 2/2
   868 | D:2      | Reached ** piety under Trog
  1205 | D:2      | Found a faded altar of an unknown god.
  1245 | D:2      | Reached skill level 1 in Shields
  1276 | D:2      | Reached XP level 4. HP: 35/41 MP: 3/3
  1869 | D:3      | Noticed a centaur
  2196 | D:3      | Found Seikauco's General Store.
  2241 | D:3      | Killed a centaur
  2242 | D:3      | Reached skill level 5 in Fighting
  2242 | D:3      | Reached XP level 5. HP: 36/48 MP: 4/4
  2890 | D:4      | Reached skill level 5 in Maces & Flails
  2931 | D:4      | Found Bitoh's Antique Armour Emporium.
  2989 | D:4      | Reached XP level 6. HP: 56/56 MP: 5/5
  3162 | D:4      | Reached skill level 6 in Fighting
  3562 | D:4      | Found an ancient bone altar of Kikubaaqudgha.
  3656 | D:5      | Entered Level 5 of the Dungeon
  3714 | D:5      | Found a staircase to the Ecumenical Temple.
  3723 | Temple   | Entered the Ecumenical Temple
  3761 | D:5      | Reached XP level 7. HP: 63/63 MP: 6/6
  3806 | D:5      | Found an ornate altar of the Wu Jian Council.
  3817 | D:5      | Found a sacrificial altar of Ru.
  4265 | D:5      | Reached *** piety under Trog
  4454 | D:6      | Reached skill level 5 in Armour
  4782 | D:6      | Reached skill level 7 in Fighting
  4782 | D:6      | Reached XP level 8. HP: 67/73 MP: 7/7
  4942 | D:6      | Reached skill level 5 in Shields
  5610 | D:7      | Reached skill level 8 in Fighting
  5701 | D:7      | Reached XP level 9. HP: 49/81 MP: 8/8
  6011 | D:7      | Found a bloodstained altar of Trog.
  6027 | D:7      | Identified the +1 robe "Lojeig" {rF- rC+ Int+4}
  6245 | D:8      | Noticed Psyche
  6282 | D:8      | Reached skill level 1 in Axes
  6314 | D:8      | Noticed Maggie
  6327 | D:8      | Killed Maggie
  6328 | D:8      | Reached skill level 9 in Fighting
  6697 | D:8      | Found a glowing silver altar of Zin.
  6724 | D:8      | Found the +9 staff of Olgreb {rPois∞}
  6813 | D:8      | Found a runed translucent door.
  6828 | D:8      | Found a runed translucent gate.
  6828 | D:8      | Found a runed translucent gate.
  6829 | D:8      | Found a runed translucent door.
  6926 | D:8      | Found a runed translucent gate.
  7073 | D:8      | Killed Psyche
  7165 | D:8      | Found a sparkling altar of Nemelex Xobeh.
  7166 | D:8      | Noticed Gastronok
  7189 | D:8      | Noticed Joseph
  7207 | D:8      | Killed Joseph
  7208 | D:8      | Reached XP level 10. HP: 74/91 MP: 9/9
  7277 | D:8      | Killed Gastronok
  7398 | D:8      | Reached skill level 5 in Axes
  7843 | D:8      | Reached skill level 10 in Fighting
  7858 | D:8      | Reached **** piety under Trog
  8470 | D:9      | Found Exavies's Distillery.
  9089 | D:9      | Found a shadowy altar of Dithmenos.
  9095 | D:9      | Found a hazy altar of Hepliaklqana.
  9225 | D:10     | Entered Level 10 of the Dungeon
  9225 | D:10     | Noticed Erica
  9253 | D:10     | Found a shimmering altar of Xom.
  9479 | D:10     | Reached ***** piety under Trog
  9488 | D:10     | Found a staircase to the Orcish Mines.
  9655 | D:10     | Noticed Urug
  9671 | D:10     | Killed Urug
  9672 | D:10     | Reached XP level 11. HP: 91/101 MP: 10/10
  9885 | D:10     | Killed Erica
  9886 | D:10     | Reached skill level 10 in Armour
 10073 | D:10     | Reached skill level 10 in Maces & Flails
 10382 | Orc:1    | Entered Level 1 of the Orcish Mines
 10382 | Orc:1    | Noticed an orc sorcerer
 10386 | Orc:1    | Noticed a sixfirhy
 10388 | Orc:1    | Noticed an orc warlord
 10398 | Orc:1    | Killed an orc sorcerer
 10399 | Orc:1    | Killed an orc warlord
 10400 | Orc:1    | Reached skill level 11 in Fighting
 10704 | Orc:2    | Entered Level 2 of the Orcish Mines
 10837 | Orc:2    | Reached skill level 10 in Shields
 10851 | Orc:2    | Noticed an orc knight
 10861 | Orc:2    | Received a gift from Trog
 10865 | Orc:2    | Killed an orc knight
 10875 | Orc:2    | HP: 6/153 [orc warrior/+0 war axe (8)]
 10875 | Orc:2    | Mangled by an orc warrior

Illustrated notes

Levels and vault maps discovered:
D:1:      eino_arrival_tree_alley, layout_basic
D:2:      layout_loops_ring, hellmonk_ecumenical_altar_pennies_from_heaven
D:3:      layout_basic, serial_shops, shop, eino_tiny_chamber
D:4:      layout_cave_pools, mainiacjoe_overflow_alcove_2, serial_shops,
          nicolae_shop_crystal, minmay_misc_feat_chi, minmay_door_square,
          st_stairs_6
D:5:      layout_loops_ring, mainiacjoe_overflow_large_starburst,
          minmay_temple_entry_large_hall
D:6:      layout_basic, tso_altar, nicolae_ossuary_entry_catacombs
D:7:      layout_basic, lightli_temple_of_fire
D:8:      layout_cave_pods, lemuel_crystal_altar, zin_academy,
          minmay_guarded_unrand_staff_of_olgreb, uniq_joseph, uniq_maggie,
          uniq_gastronok, uniq_psyche
D:9:      layout_loops_ring, riverfiend_overflow_shadow_ancestor, serial_shops,
          shop
D:10:     layout_roguey, mainiacjoe_overflow_boulevard, hiddenorc2_lemuel,
          uniq_urug, uniq_erica
Temple:   minmay_temple_bridge_abc
Orc:1:    layout_diamond_mine
Orc:2:    st_orc_rangers, layout_diamond_mine, serial_shops,
          nicolae_lakefront_shop, hangedman_minor_magic

Skill      XL: |  1  2  3  4  5  6  7  8  9 10 11 |
---------------+----------------------------------+-----
Fighting       | 4 5 6 7 8 9 10 11 | 11.2
Maces & Flails | 4 5 6 7 9 10 | 10.5
Armour         | 3 4 5 7 8 9 10 | 10.5
Shields        | 1 2 3 4 6 8 9 10 | 10.1
Dodging        | 3 4 |  4.6
Axes           | 4 7 8 |  8.8

Action                   |  1- 3 |  4- 6 |  7- 9 | 10-12 || total
-------------------------+-------+-------+-------+-------++-------
Melee: Mace              |    83 |    98 |    15 |       ||   196
       Headbutt          |     6 |    12 |    37 |    64 ||   119
       Flail             |       |       |   151 |   196 ||   347
       Hand axe          |       |       |       |    89 ||    89
       Great mace        |       |       |       |    34 ||    34
Invok: Berserk           |     4 |     2 |       |     3 ||     9
       Trog's Hand       |       |       |     2 |       ||     2
       Brothers in Arms  |       |       |       |     1 ||     1
  Use: Potion            |       |       |     6 |       ||     6
       Scroll            |       |       |     4 |       ||     4
 Stab: Sleeping          |     2 |       |       |       ||     2
       Distracted        |       |       |       |     1 ||     1
Armor: Animal skin       |    16 |     8 |       |       ||    24
       Ring mail         |       |     7 |       |       ||     7
       Scale mail        |       |    13 |   111 |       ||   124
       Acid dragon scale |       |       |    15 |   122 ||   137
       Skin              |       |       |       |    10 ||    10
Dodge: Dodged            |    31 |    57 |   160 |   151 ||   399
Block: Buckler           |    23 |    22 |     4 |       ||    49
